 Dungeon Crawl Stone Soup version 0.29.0-13-gc9e81de378 (webtiles) character file.

Game seed: 14750030161980197142

2403 Mahakala the Cleaver (level 9, 0/77 HPs)
             Began as a Minotaur Berserker on Sept 10, 2022.
             Was a Believer of Trog.
             Succumbed to a killer bee's poison
             ... on level 6 of the Dungeon.
             The game lasted 00:24:34 (6684 turns).

Mahakala the Cleaver (Minotaur Berserker)           Turns: 6684, Time: 00:24:34

Health: 0/77       AC: 11    Str: 25    XL:     9   Next: 23%
Magic:  8/8        EV:  9    Int:  4    God:    Trog [**....]
Gold:   253        SH:  0    Dex: 11    Spells: 8/8 levels left

rFire   . . .      SeeInvis .   p - +0 war axe
rCold   . . .      Faith    .   (no shield)
rNeg    . . .      Spirit   .   e - +0 chain mail
rPois   .          Reflect  .   (helmet restricted)
rElec   .          Harm     .   (no cloak)
rCorr   +          Rampage  .   B - +0 pair of gloves
Will    .....                   (no boots)
Stlth   ..........              (no amulet)
HPRegen 0.22/turn               z - ring of resist corrosion
MPRegen 0.11/turn               (no ring)

@: lethally poisoned (0 -> -3), studying Polearms
A: horns 2, retaliatory headbutt
a: Renounce Religion, Berserk, Trog's Hand


You were on level 6 of the Dungeon.
You worshipped Trog.
Trog was pleased with you.
You visited 1 branch of the dungeon, and saw 7 of its levels.

You collected 365 gold pieces.
You spent 112 gold pieces at shops.

Inventory:

Hand Weapons
 a - a +0 hand axe
 p - a +0 war axe (weapon)
 u - a +0 executioner's axe of freezing
Missiles
 h - 7 boomerangs (quivered)
 m - 16 poisoned darts
 x - 2 javelins
Armour
 b - a +0 animal skin
 e - a +0 chain mail (worn)
 A - a +0 plate armour
 B - a +0 pair of gloves (worn)
Jewellery
 z - a ring of resist corrosion (left hand)
Wands
 n - a wand of mindburst (19)
 t - a wand of flame (44)
 v - a wand of digging (3)
 G - a wand of light (10)
Scrolls
 d - a scroll of brand weapon
 f - 3 scrolls of amnesia {unknown}
 g - 3 scrolls of teleportation {@r4}
 j - a scroll of blinking {unknown}
 r - a scroll of vulnerability {!r}
 w - 3 scrolls of fear
 y - a scroll of magic mapping
 C - a scroll of summoning {unknown}
 D - a scroll of silence {unknown}
 E - 2 scrolls of fog {unknown}
 I - a scroll of identify {@r1}
 J - a scroll of enchant weapon
Potions
 c - 3 potions of flight
 i - 8 potions of curing {@q1}
 k - 2 potions of cancellation
 l - a potion of haste {@q3}
 o - 3 potions of attraction {!q}
 q - a potion of mutation {!q}
 s - a potion of lignification {!q}
 F - a potion of brilliance {unknown}
 H - a potion of resistance {unknown}


   Skills:
 + Level 6.3 Fighting
 - Level 13.0 Axes
 + Level 6.3 Armour
 - Level 2.1 Dodging


You had 8 spell levels left.
You didn't know any spells.
Your spell library was empty.

Dungeon Overview and Level Annotations

Branches:
Dungeon (7/15)             Temple (0/1) D:5

Altars:
Elyvilon
Fedhas
Ru

Shops:
D:7 ?


Innate Abilities, Weirdness & Mutations

You have a pair of horns on your head.
You reflexively headbutt those who attack you in melee.


Message History

The killer bee stings you but does no damage.
You feel sick. The killer bee barely misses you. You furiously retaliate!
You headbutt the killer bee!
Your skin stops crawling.
You feel less strong-willed.
You feel very sick. The killer bee closely misses you.
The electric eel shoots out a bolt of lightning at you!
The bolt of electricity hits you. The bolt of electricity hits you!
* * * LOW HITPOINT WARNING * * *
The bolt of electricity hits the electric eel.
The electric eel completely resists.
There is a stone staircase leading up here.
Aiming: Throw Flame
Press: ? - help, Shift-Dir - straight line, f - electric eel
Aim: an electric eel (48% to hit)
The puff of flame misses the electric eel.
You feel sick. The killer bee stings you!
* * * LOW HITPOINT WARNING * * *
The killer bee closely misses you.
The electric eel is engulfed in a cloud of scalding steam.
You miss the electric eel. You headbutt the electric eel.
The electric eel is heavily wounded.
You barely miss the killer bee.
You feel sick. The killer bee stings you.
* * * LOW HITPOINT WARNING * * *
The killer bee stings you but does no damage.
The electric eel is engulfed in a cloud of scalding steam.
The electric eel shoots out a bolt of lightning at you!
The bolt of electricity hits you.
* * * LOW HITPOINT WARNING * * *
The bolt of electricity hits you!
* * * LOW HITPOINT WARNING * * *
The bolt of electricity hits the electric eel.
The electric eel completely resists.
* * * LOW HITPOINT WARNING * * *
You feel sick.
The killer bee stings you but does no damage.
The killer bee closely misses you.
The electric eel is engulfed in a cloud of scalding steam.
You climb upwards.
You die...

#####................#.....#.#.#.
#.......#.###.....#...#.#.#.#
#.......#.###....#.#.#.#.#.#.
#.......#.......#.#.#.#.#.#.#
#####.##.............#[#.#.#.#.#.
#...................#.#.....#.#.#
#.###..............#.#.....#.#.#.
#.# ###.........#y#.#.#.....#.#.#
#.#####.........@..#.#.#.#.#.#.#.
#........#........#.#[#.#.....#.#
########.#.......#.#.#.#.....#.#.
#....#..#.....#.#.#.#.....#.#
#....#.........#.#.#.#.#.#.#.
##....#........#.#.#.#.#.#.#.#
#........#.#..#.#.#.#.#.#.#.#.
#####.#..#.#..##.#.#.#.#.#.#.#
#...........#.#.#.#.#.#.#.


You could see a killer bee.

Vanquished Creatures
  Grinder (D:5)
  Sigmund (D:4)
  A wraith (D:5)
  Eustachio (D:5)
  A steam dragon (D:6)
  Menkaure (D:5)
  Duvessa (D:4)
  An ice beast (D:5)
  A black bear (D:5)
  Pargi (D:4)
  A sky beast (D:4)
  A centaur (D:7)
  2 phantoms (D:5)
  Blork the orc (D:6)
  A bullfrog (D:7)
  A scorpion (D:3)
  Dowan (D:3)
  A killer bee (D:7)
  2 electric eels (D:7)
  2 jellies
  2 orc priests (D:4)
  A hound (D:6)
  Jessica (D:2)
  An iguana (D:6)
  Natasha (thrice) (D:2)
  An orc wizard (D:6)
  4 adders
  3 shadow imps
  2 ufetubi
  3 worms
  A dart slug (D:4)
  15 orcs
  4 ball pythons
  5 endoplasms
  4 giant cockroaches
  8 goblins
  6 hobgoblins
  2 quokkas
  A bat (D:2)
  2 frilled lizards (D:2)
  6 kobolds
  4 rats
102 creatures vanquished.

Vanquished Creatures (others)
  2 orcs (D:6)
  7 plants (D:7)
9 creatures vanquished.

Grand Total: 111 creatures vanquished

Notes
Turn   | Place    | Note
-------+----------+-------------------------------------------
     0 | D:1      | Mahakala the Minotaur Berserker began the quest for the
                  | Orb.
     0 | D:1      | Reached XP level 1. HP: 19/19 MP: 0/0
   161 | D:1      | Found a faded altar of an unknown god.
   164 | D:1      | Reached skill level 4 in Axes
   233 | D:1      | Reached XP level 2. HP: 19/26 MP: 1/1
  1114 | D:2      | Reached skill level 5 in Axes
  1116 | D:2      | Reached XP level 3. HP: 31/31 MP: 2/2
  1285 | D:2      | Noticed Natasha
  1289 | D:2      | Killed Natasha
  1295 | D:2      | Noticed Natasha
  1305 | D:2      | Killed Natasha
  1306 | D:2      | Reached skill level 6 in Axes
  1306 | D:2      | Reached XP level 4. HP: 13/39 MP: 3/3
  1734 | D:2      | Noticed Jessica
  1744 | D:2      | Killed Jessica
  1827 | D:2      | Noticed Natasha
  1842 | D:2      | Killed Natasha
  1843 | D:2      | Reached skill level 7 in Axes
  1843 | D:2      | Reached XP level 5. HP: 45/45 MP: 4/4
  2359 | D:3      | Reached ** piety under Trog
  2773 | D:4      | Noticed Sigmund
  2773 | D:4      | Noticed a sky beast
  2903 | D:4      | Noticed Duvessa
  2968 | D:4      | Killed Duvessa
  2969 | D:4      | Reached skill level 8 in Axes
  2969 | D:4      | Reached XP level 6. HP: 51/51 MP: 5/5
  3021 | D:4      | Noticed Dowan
  3035 | D:3      | Killed Dowan
  3261 | D:4      | Found a blossoming altar of Fedhas.
  3316 | D:4      | Killed a sky beast
  3317 | D:4      | Reached skill level 5 in Armour
  3509 | D:4      | Noticed Pargi
  3512 | D:4      | Killed Pargi
  3513 | D:4      | Reached skill level 5 in Fighting
  3513 | D:4      | Reached XP level 7. HP: 61/61 MP: 6/6
  3648 | D:4      | Killed Sigmund
  3649 | D:4      | Reached skill level 9 in Axes
  3867 | D:5      | Entered Level 5 of the Dungeon
  3961 | D:5      | Noticed Menkaure
  3970 | D:5      | Killed Menkaure
  3971 | D:5      | Reached skill level 10 in Axes
  4053 | D:5      | Reached XP level 8. HP: 61/68 MP: 7/7
  4110 | D:5      | Found a staircase to the Ecumenical Temple.
  4115 | D:5      | Noticed Eustachio
  4154 | D:5      | Killed Eustachio
  4399 | D:5      | Noticed Grinder
  4432 | D:5      | Paralysed by Grinder for 3 turns
  4436 | D:5      | Paralysed by Grinder for 2 turns
  4439 | D:5      | HP: 3/68 [Grinder/nerve-wracking pain (4)]
  4758 | D:5      | Reached skill level 11 in Axes
  5059 | D:5      | Found a white marble altar of Elyvilon.
  5060 | D:5      | Found a sacrificial altar of Ru.
  5074 | D:5      | Reached skill level 12 in Axes
  5227 | D:5      | Paralysed by Grinder for 4 turns
  5238 | D:5      | Killed Grinder
  5976 | D:6      | Reached skill level 13 in Axes
  6020 | D:6      | Reached XP level 9. HP: 65/74 MP: 8/8
  6114 | D:6      | Identified the +5 ring mail "Zeyhoqoi" {+Inv rN+}
  6328 | D:6      | Noticed Blork the orc
  6338 | D:6      | Killed Blork the orc
  6422 | D:7      | Found Doiry's Magic Scroll Shoppe.
  6499 | D:7      | Bought a scroll of enchant weapon for 112 gold pieces
  6682 | D:7      | HP: 2/77 [electric eel/bolt of electricity (12)]
  6684 | D:6      | Succumbed to a killer bee's poison

Illustrated notes

Levels and vault maps discovered:
D:1:      dpeg_arrival_chambers_temple_mockup, layout_loops_ring,
          ebering_ecumenical_altar_ruins, supply_closet_lemuel
D:2:      layout_basic, minmay_bisected, uniq_jessica, uniq_natasha
D:3:      layout_loops_ring
D:4:      layout_rooms, mainiacjoe_overflow_concentric_impassable, uniq_duvessa,
          uniq_sigmund, uniq_pargi
D:5:      layout_basic, gammafunk_temple_overflow_pools,
          minmay_temple_entry_junction, uniq_eustachio, uniq_menkaure,
          uniq_grinder
D:6:      layout_basic, uniq_blork_the_orc
D:7:      layout_basic, gammafunk_temple_overflow_claw, serial_shops, shop,
          serial_bayou_lagoon_b

Skill      XL: |  1  2  3  4  5  6  7  8  9 |
---------------+----------------------------+-----
Axes           | 4 5 6 7 8 10 13 | 13.0
Armour         | 3 5 6 |  6.3
Fighting       | 5 6 |  6.3
Dodging        | |  2.1

Action                   |  1- 3 |  4- 6 |  7- 9 || total
-------------------------+-------+-------+-------++-------
Melee: Hand axe          |    60 |    29 |       ||    89
       Headbutt          |    12 |    15 |    28 ||    55
       War axe           |       |    38 |   160 ||   198
       Punch             |       |       |     3 ||     3
Throw: Boomerang         |     2 |       |       ||     2
Invok: Berserk           |     2 |     5 |     5 ||    12
       Trog's Hand       |       |       |     3 ||     3
Evoke: Wand              |       |       |     3 ||     3
  Use: Scroll            |       |    12 |     1 ||    13
Armor: Chain mail        |    30 |    39 |    87 ||   156
Dodge: Dodged            |    17 |    23 |    84 ||   124
